 Dungeon Crawl Stone Soup version 0.31-a0-150-g89dc3ad700 (webtiles) character file.

Game seed: 8236600147820666796

742 lunkers the Cleaver (level 8, -7/63 HPs)
             Began as a Meteoran Wanderer on June 8, 2023.
             Was an Initiate of Nemelex Xobeh.
             Mangled by an orc
             ... wielding a +0 trident
              (8 damage)
             ... on level 6 of the Dungeon.
             The game lasted 00:05:27 (1910 turns).

lunkers the Cleaver (Meteoran Wanderer)             Turns: 1910, Time: 00:05:27

Health: -7/63      AC:  6    Str: 14    XL:     8   Next: 25%
Magic:  20/20      EV:  8    Int: 13    God:    Nemelex Xobeh [......]
Gold:   128        SH:  0    Dex: 16    Spells: 9/9 levels left

rFire   . . .        b - +9 battleaxe of Twilight {freeze, rC+ rCorr}
rCold   + . .        (shield currently unavailable)
rNeg    + . .        k - +0 scale mail
rPois   .            (no helmet)
rElec   .            (no cloak)
rCorr   +            (no gloves)
SInv    .            (no boots)
Will    +....        (no amulet) Stlth
                     e - ring of positive energy
HPRegen 0.30/turn    g - ring of magical power
MPRegen 0.17/turn

%: no passive effects
@: glowing
A: sense surroundings 1, otherworldly, glowing, explore regen
a: Renounce Religion, Draw Escape, Draw Destruction, Draw Summoning


You were on level 6 of the Dungeon.
You worshipped Nemelex Xobeh.
Nemelex Xobeh was noncommittal.
You visited 1 branch of the dungeon, and saw 6 of its levels.
You also visited: Sewer.

You collected 128 gold pieces.

Inventory:

Hand Weapons
 a - a +4 quarterstaff
 b - the +9 battleaxe of Twilight (weapon) {freeze, rC+ rCorr}
   (You found it on level 2 of the Dungeon)

   rC:        It protects you from cold.
   rCorr:     It protects you from acid and corrosion.
 j - a +0 spear
Armour
 d - a +1 robe
 k - a +0 scale mail (worn)
Jewellery
 e - a ring of positive energy (left hand)
 g - a ring of magical power (right hand)
Scrolls
 h - 2 scrolls of enchant armour
 i - 3 scrolls of enchant weapon
Potions
 c - a potion of lignification
 f - a potion of might {unknown}
 m - a potion of resistance {unknown}
 n - 3 potions of heal wounds
 o - a potion of brilliance {unknown}
 p - 2 potions of ambrosia
 r - a potion of mutation {unknown}


   Skills:
 - Level 3.2 Fighting
 + Level 9.1(9.2) Axes
 - Level 1.2(7.1) Polearms
 - Level 6.1(6.2) Staves
 - Level 1.3 Spellcasting
 - Level 1.2 Evocations


You had 9 spell levels left.
You didn't know any spells.
Your spell library contained the following spells:

 Spells                   Type           Power      Damage    Failure   Level
 Ensorcelled Hibernation  Hex/Ice        0%         N/A       88%         2
 Passwall                 Tmut/Erth      0%         N/A       88%         2
 Searing Ray              Conj           0%         2d4       88%         2
 Swiftness                Air            0%         N/A       98%         3
 Volatile Blastmotes      Fire/Tloc      0%         2d10      98%         3
 Flame Wave               Conj/Fire      0%         2d4       100%        4
 Sticky Flame             Conj/Fire      0%         2d3       100%        4


Dungeon Overview and Level Annotations

Branches:
Dungeon (6/15) Zot: 1820    Sewer (visited)
 Temple: D:4-7

Altars:
Nemelex Xobeh
Uskayaw


Innate Abilities, Weirdness & Mutations

You passively map a small area around you.
You are easily found by Zot.
You glow in the dark.
You regain HP and MP as you explore.


Message History

You closely miss the kobold. The kobold hits you with a +0 whip.
* * * LOW HITPOINT WARNING * * *
The kobold completely misses you.
Unknown command.
You miss the kobold.
An orc comes into view. It is wielding a +0 war axe.
The kobold hits you with a +0 whip.
* * * LOW HITPOINT WARNING * * *
You hit the kobold. You freeze the kobold.
You kill the kobold!
An orc comes into view. It is wielding a +0 trident.
The orc shouts!
You hear a shout!
Things that are here:
a +0 whip; 3 stones; a kobold corpse An orc priest comes into view.
It is wielding a +0 short sword.
An orc comes into view.
It is wielding a +0 falchion and quivering silver boomerangs.
Found 20 gold pieces.
The orc shouts!
The orc priest shouts!
The orc hits you with a +0 war axe.
* * * LOW HITPOINT WARNING * * *
The orc hits you from afar with a +0 trident.
* * * LOW HITPOINT WARNING * * *
The orc priest calls down the wrath of Beogh upon you.
Beogh smites you!
* * * LOW HITPOINT WARNING * * *
You slash the orc! You freeze the orc.
You kill the orc!
You swing at nothing.
The orc hits you from afar with a +0 trident.
* * * LOW HITPOINT WARNING * * *
You see here a +0 war axe.
You slash the orc! You freeze the orc.
You kill the orc!
You barely miss the orc.
The orc priest calls down the wrath of Beogh upon you.
Beogh smites you!
* * * LOW HITPOINT WARNING * * *
The orc hits you with a +0 trident!
You die...
Your body disappears without additional glow.

...#* #.............# ,
..... #..........#.# *
.....####.......<..# #
.................## .#*
*#..............#..#.
** #..).).............
#.))##............. **
#.#.##.....<.......
#.#@##.....#....... *
,#...o)....(.#....... *
........o...........#..
,,$.##............#..##
. #.......##..##..# , ,
#..........## .##,*
#.........., ..
...##...... * , , *


You could see an orc priest and an orc.

Vanquished Creatures
  Pargi (Sewer)
  An ice beast (D:6)
  A centaur (D:4)
  A kobold brigand (D:6)
  2 scorpions (D:4)
  An orc priest (D:3)
  A jelly (D:6)
  2 hounds (D:5)
  7 adders
  A shadow imp (D:6)
  A white imp (D:6)
  An ufetubus (D:4)
  A worm (D:2)
  2 dart slugs
  7 orcs
  3 bats
  2 endoplasms
  6 giant cockroaches
  5 goblins
  6 hobgoblins
  8 jackals
  5 quokkas
  7 ball pythons
  4 frilled lizards
  12 kobolds
  5 rats
93 creatures vanquished.

Notes
Turn   | Place    | Note
-------+----------+-------------------------------------------
     0 | D:1      | lunkers the Meteoran Wanderer began the quest for the Orb.
     0 | D:1      | lunkers set off with the following items: a +3
                  | quarterstaff, a +0 spear, a potion of lignification, a +0
                  | robe.
     0 | D:1      | Reached XP level 1. HP: 19/19 MP: 3/3
    11 | D:1      | Reached skill level 5 in Staves
   118 | D:1      | Reached XP level 2. HP: 24/26 MP: 5/5
   183 | D:1      | Reached XP level 3. HP: 18/31 MP: 6/6
   417 | D:2      | Identified the +9 battleaxe of Twilight {freeze, rC+ rCorr}
   462 | D:2      | Reached skill level 1 in Axes
   462 | D:2      | Reached XP level 4. HP: 24/38 MP: 7/7
   833 | D:3      | Reached skill level 2 in Axes
   837 | D:3      | Found a hide-covered altar of Uskayaw.
   882 | D:3      | Found a glowing drain.
   922 | Sewer    | Entered a sewer
   945 | Sewer    | Noticed Pargi
   952 | Sewer    | Killed Pargi
   953 | Sewer    | Reached skill level 4 in Axes
   953 | Sewer    | Reached XP level 5. HP: 11/45 MP: 8/8
   953 | Sewer    | Reached XP level 6. HP: 13/51 MP: 9/9
  1147 | D:3      | Reached skill level 5 in Axes
  1385 | D:4      | Noticed a centaur
  1390 | D:4      | Killed a centaur
  1391 | D:4      | Reached skill level 6 in Axes
  1391 | D:4      | Reached XP level 7. HP: 39/57 MP: 10/10
  1396 | D:4      | Reached skill level 7 in Axes
  1533 | D:4      | Found a sparkling altar of Nemelex Xobeh.
  1544 | D:4      | Became a worshipper of Nemelex Xobeh the Trickster
  1608 | D:5      | Entered Level 5 of the Dungeon
  1785 | D:5      | Got the Thoughts on Confrontation and Burning
  1881 | D:6      | Reached skill level 8 in Axes
  1886 | D:6      | Reached XP level 8. HP: 30/63 MP: 11/11
  1896 | D:6      | Reached skill level 9 in Axes
  1910 | D:6      | HP: 1/63 [orc priest/divine providence (15)]
  1910 | D:6      | Mangled by an orc

Illustrated notes

Levels and vault maps discovered:
D:1:      dpeg_arrival_morbid_curiosity, layout_basic
D:2:      layout_loops_ring, ebering_ecumenical_altar_rust,
          minmay_misc_feat_rows
D:3:      layout_rooms, nicolae_uskayaw_murder_on_the_dancefloor,
          gup_sewer_entry_glass
D:4:      cheibrodos_old_hovel, layout_rooms, lemuel_coloured_pillars_altar
D:5:      layout_basic
D:6:      layout_cave_pools

Skill      XL: |  1  2  3  4  5  6  7  8 |
---------------+-------------------------+-----
Staves         | 5 6 |  6.1
Axes           | 1 4 6 8 9 |  9.1
Fighting       | |  3.2
Polearms       | |  1.2
Spellcasting   | |  1.3
Evocations     | |  1.2

Action                     |  1- 3 |  4- 6 |  7- 9 || total
---------------------------+-------+-------+-------++-------
  Melee: Quarterstaff      |    66 |    30 |       ||    96
         Battleaxe         |       |    52 |    40 ||    92
    Use: Scroll            |       |     6 |     4 ||    10
         Potion            |       |     1 |       ||     1
 Armour: Robe              |    11 |    21 |     5 ||    37
         Scale mail        |       |       |     7 ||     7
  Dodge: Dodged            |    33 |    45 |    16 ||    94

Table legend: (Time is in decaauts)
 A = Elapsed time spent in this place.
 B = Non-inter-level travel time spent in this place.
 C = Inter-level travel time spent in this place.
 D = Time resting spent in this place.
 E = Time spent auto-exploring this place.
 F = Levels seen in this place.
 G = Mean time per level.
                   A        B        C        D        E       F      G
               +--------+--------+--------+--------+--------+-----+--------+
         Total |   1983 |   1730 |    253 |     53 |   1048 |   7 |  283.3 |
       Dungeon |   1778 |   1525 |    253 |      0 |   1031 |   6 |  296.3 |
         Sewer |    204 |    204 |      0 |     53 |     17 |   1 |  204.0 |
               +--------+--------+--------+--------+--------+-----+--------+

Top non-repeatable levels by time:
     D:2: 519 daAuts
     D:4: 352 daAuts
     D:1: 301 daAuts
     D:3: 296 daAuts
     D:5: 268 daAuts
   Sewer: 204 daAuts
     D:6: 40 daAuts
